 Dungeon Crawl Stone Soup version 0.17-a0-2069-g0f4ee5b (webtiles) character file.

318 Shim the Charmwright (level 6, -3/40 HPs)
             Began as a High Elf Skald on Oct 13, 2015.
             Killed from afar by Natasha (7 damage)
             ... with a wand of frost
             ... on level 3 of the Dungeon.
             The game lasted 00:24:57 (3726 turns).

Shim the Charmwright (High Elf Skald)               Turns: 3726, Time: 00:24:57

Health: -3/40      AC:  4    Str: 11    XL:     6   Next: 21%
Magic:  21/21      EV: 14    Int: 17    God:
Gold:   248        SH:  0    Dex: 16    Spells: 4 memorised, 3 levels left

rFire  + . .     SeeInvis .     r - +0 falchion (venom)
rCold  . . .     Clarity  .     e - +0 leather armour {rF+}
rNeg   . . .     SustAt   .     (no shield)
rPois  .         Gourm    .     v - +0 helmet (curse)
rElec  .         Spirit   .     (no cloak)
rCorr  .         Warding  .     (no gloves)
rMut   .         Stasis   .     (no boots)
MR     .....                    (no amulet)
Stlth  ++........               q - ring of magical power
                                t - +2 ring of evasion

@: slowed, very slow, not resistant to hostile enchantments, unstealthy
A: no striking features
a: no special abilities


You were on level 3 of the Dungeon.
You were near starving.

You visited 1 branch of the dungeon, and saw 4 of its levels.

You collected 248 gold pieces.

Inventory:

Hand Weapons
 a - a +0 short sword
 r - a +0 falchion of venom (weapon)
Armour
 b - a +0 leather armour
 e - a +0 leather armour of fire resistance (worn)
 v - a cursed +0 helmet (worn)
Jewellery
 g - an uncursed ring of wizardry
 q - a ring of magical power (right hand)
 t - a +2 ring of evasion (left hand)
Wands
 s - a wand of magic darts (39)
 w - a wand of random effects (29)
Scrolls
 h - 2 scrolls of teleportation {unknown}
 i - 2 scrolls of recharging {unknown}
 k - a scroll of fear {unknown}
 m - a scroll of remove curse
 n - a scroll of enchant weapon {unknown}
 o - a scroll of identify {unknown}
 p - a scroll of immolation {unknown}
 u - a scroll of amnesia {unknown}
Potions
 f - a potion of cancellation {unknown}
 l - 3 potions of brilliance {unknown}
 x - a potion of haste {unknown}
Books
 c - a book of Battle

   Spells                             Type                      Level
   a - Infusion                       Charms                       1
   b - Shroud of Golubria             Charms/Translocation         2
   c - Song of Slaying                Charms                       2
   d - Spectral Weapon                Hexes/Charms                 3
   e - Regeneration                   Charms/Necromancy            3
Comestibles
 d - 5 bread rations
 j - a beef jerky


   Skills:
 + Level 2.3 Fighting
 + Level 3.2 Short Blades
 + Level 0.5(2.0) Long Blades
 + Level 2.3 Armour
 + Level 2.5 Dodging
 * Level 2.8 Stealth
 + Level 3.4 Spellcasting
 + Level 4.8 Charms
 + Level 0.5 Necromancy
 + Level 0.9 Translocations


You had 3 spell levels left.
You knew the following spells:

 Your Spells              Type           Power        Failure   Level  Hunger
a - Infusion              Chrm           ###...       3%          1    None
b - Regeneration          Chrm/Necr      ##........   21%         3    ###....
c - Shroud of Golubria    Chrm/Tloc      ##........   12%         2    ##.....
d - Song of Slaying       Chrm           ###.....     6%          2    ##.....


Dungeon Overview and Level Annotations

Branches:
Dungeon (4/15)
 Temple: D:4-7

Altars:
Ru

Annotations:
D:3 Natasha


Message History

Natasha mumbles some strange words.
You feel disoriented.
Natasha casts a spell.
Natasha zaps a wand.
The puff of frost misses you.
Natasha stares at you and mumbles some strange words.
You resist with some effort.
Natasha extends her claws.
Natasha mumbles some strange words.
Your shroud begins to fray at the edges.
Your shroud unravels.
Natasha mumbles some strange words.
The crimson imp blinks!
The crimson imp laughs crazily.
The crimson imp disappears in a puff of smoke!
Natasha zaps a wand.
The puff of frost hits you!
* * * LOW HITPOINT WARNING * * *
Natasha zaps a wand.
The puff of frost hits you!
* * * LOW HITPOINT WARNING * * *
Natasha zaps a wand.
The puff of frost hits you!
You die...

#...##......##.#
#...##...##.##.#
#.).##..###.##.##
#.......# #.....#
#...##..######..#
#.####........... #.#
##.########.. ###.###..#
##. #. #.@.##...# #.
#.#.###.##..h#.# #.
#.#........###.# #.
#.##.###...##..# #.
#..#.# #.#.##.## #.
#...###.#.##.# ##
#......#.##h# #
#......#...5###########
###..###(.........5.h5...


You could see Natasha.

Vanquished Creatures
  Sigmund (D:3)
  2 worker ants
  A hound zombie (D:3)
  5 adders
  2 worms
  5 giant geckos
  3 hobgoblins
  3 quokkas
  A ball python (D:1)
  4 bats
  4 giant cockroaches
  7 giant newts
  6 goblins
  8 kobolds
  10 rats
62 creatures vanquished.

Notes
Turn   | Place    | Note
--------------------------------------------------------------
     0 | D:1      | Shim the High Elf Skald began the quest for the Orb.
     0 | D:1      | Reached XP level 1. HP: 14/14 MP: 4/4
   348 | D:1      | Reached XP level 2. HP: 12/19 MP: 3/6
   740 | D:1      | Reached skill level 4 in Charms
  1610 | D:2      | Reached skill level 1 in Armour
  1807 | D:2      | Reached XP level 3. HP: 20/24 MP: 3/7
  1822 | D:2      | Learned a level 3 spell: Regeneration
  1896 | D:2      | Reached skill level 1 in Stealth
  2187 | D:2      | Found a sacrificial altar of Ru.
  2469 | D:2      | You fall through a shaft for 2 floors!
  2474 | D:4      | Learned a level 2 spell: Shroud of Golubria
  2560 | D:4      | Reached XP level 4. HP: 25/29 MP: 8/8
  2611 | D:4      | Noticed an ogre
  2950 | D:3      | Noticed Sigmund
  3330 | D:3      | Found a faded altar to an unknown god.
  3409 | D:3      | Noticed Natasha
  3431 | D:3      | Reached XP level 5. HP: 32/34 MP: 10/10
  3435 | D:3      | Learned a level 2 spell: Song of Slaying
  3594 | D:3      | Killed Sigmund
  3594 | D:3      | Reached XP level 6. HP: 38/40 MP: 11/12
  3726 | D:3      | Killed from afar by Natasha

Vault maps used:
D:1:      matt_arrival_los_fun, minmay_misc_feat_tiny
D:2:      first_bread, nicolae_ru_path_of_blood
D:3:      ecumenical_altar_1, vehumet_altar_wand_db, uniq_sigmund, uniq_natasha
D:4:      minmay_temple_entry_butterflies

Action                   |  1- 3 |  4- 6 || total
-------------------------+-------+-------++-------
Melee: Short sword       |   120 |       ||   120
       Falchion          |       |    67 ||    67
 Cast: Infusion          |    15 |     6 ||    21
       Shroud of Golubri |     2 |    13 ||    15
       Regeneration      |       |     5 ||     5
       Song of Slaying   |       |     2 ||     2
  Use: Potion            |     1 |       ||     1
       Scroll            |       |     1 ||     1
 Stab: Sleeping          |     4 |     3 ||     7
  Eat: Chunk             |     5 |     4 ||     9
